Map: Frozen Temple

Players

kaillouse - Winner!

  • Race: Terran Terran
  • League: Gold

capac

  • Race: Terran Terran
  • League: Gold

VOD

Have the link to the VOD?

Description

Time

  • Played on: April 30, 2016, 4:26 a.m.
  • Length: 17:57
Show
View Real Time Build Order
Export as new Build Order

kaillouse Terran - Winner!

Build Orders: MMM Bio 

Get SALT Encoding   

  12  0:06  SCV  
  13  0:18  SCV  
  14  0:23  Supply Depot  
  14  0:29  Refinery  
  14  0:30  SCV  
  15  0:45  SCV  
  15  0:49  Barracks  
  16  0:57  SCV  
  17  1:19  SCV  
  18  1:31  SCV  
  19  1:43  Command Center  
  19  1:49  Marine  
  20  1:58  Supply Depot  
  20  2:01  Orbital Command  
  19  2:51  Marine  
  20  3:05  Refinery  
  20  3:07  Orbital Command  
  20  3:15  Command Center  
  20  3:21  Factory  
  20  3:29  SCV  
  21  3:34  Barracks Reactor  
  21  3:37  SCV  
  21  3:41  SCV  
  23  3:49  SCV  
  23  3:53  SCV  
  25  3:58  Barracks  
  25  4:01  Barracks, SCV  
  26  4:05  SCV  
  26  4:08  Engineering Bay, Factory Tech Lab  
  27  4:13  SCV  
  28  4:17  SCV  
  28  4:19  Marine  
  28  4:20  Marine  
  31  4:27  Orbital Command  
  31  4:30  SCV  
  32  4:37  Marine x2  
  34  4:41  Starport  
  34  4:47  Siege Tank  
  34  4:50  Barracks Tech Lab  
  34  4:51  Barracks Reactor  
  37  4:53  SCV x3  
  37  4:59  Missile Turret  
  40  5:04  Missile Turret  
  40  5:11  Stimpack  
  40  5:12  Marine  
  41  5:14  Marine  
  41  5:19  Viking, Siege Tank  
  47  5:21  SCV  
  47  5:23  SCV  
  47  5:25  SCV  
  50  5:33  SCV  
  50  5:35  Supply Depot x2  
  51  5:36  SCV  
  51  5:38  Terran Infantry Weapons Level 1  
  51  5:40  SCV  
  53  5:45  SCV  
  53  5:47  Refinery  
  53  5:48  SCV  
  53  5:49  Refinery, Marine x2  
  55  6:16  Starport Reactor  
  55  6:19  SCV x2  
  55  6:20  SCV  
  58  6:26  Marine x3  
  58  6:27  Marine x2  
  58  6:31  SCV  
  58  6:32  SCV x2  
  66  6:42  Barracks  
  66  6:43  SCV  
  66  6:44  Marine x3, SCV  
  66  6:45  Marine x2  
  66  6:46  Barracks x2  
  73  6:48  Engineering Bay  
  73  6:54  Viking x2  
  77  7:02  Refinery  
  77  7:04  Refinery  
  77  7:09  Supply Depot  
  77  7:10  Supply Depot  
  77  7:12  Supply Depot  
  77  7:15  Missile Turret  
  77  7:21  Combat Shields  
  77  7:26  Terran Infantry Armor Level 1  
  77  7:30  Marine x3  
  77  7:31  Viking, Marine x2, SCV x3  
  77  7:33  Armory  
  87  7:41  Barracks Tech Lab x2, Barracks Reactor  
  87  7:43  SCV x3  
  90  7:48  Marine x3  
  90  7:49  Marine x2  
  90  7:50  Siege Tank  
  98  8:01  Concussive Shells  
  98  8:06  Marine x3  
  101  8:19  SCV  
  101  8:20  Command Center  
  101  8:26  Terran Infantry Weapons Level 2  
  101  8:32  Supply Depot  
  101  8:33  Supply Depot x3  
  101  8:34  Supply Depot  
  101  8:36  Supply Depot  
  101  8:54  Marauder, Marine x6, Siege Tank, SCV x3  
  115  8:57  Marauder, Marine  
  115  9:00  Supply Depot  
  118  9:04  Medivac x2  
  118  9:06  SCV x2  
  118  9:07  SCV  
  125  9:12  Marine x4  
  125  9:15  Marauder  
  125  9:16  Marauder  
  133  9:19  Terran Vehicle Weapons Level 1  
  133  9:27  Siege Tank  
  136  9:34  Medivac x2  
  136  9:37  Supply Depot  
  136  9:38  Supply Depot  
  140  9:39  Marine  
  140  9:40  Marine x5  
  140  9:41  Marauder x3  
  140  9:42  Supply Depot  
  152  9:47  Planetary Fortress  
  152  9:48  Supply Depot  
  152  9:52  Missile Turret  
  152  9:57  Marine x2  
  152  9:58  Marine  
  152  9:59  Siege Tank  
  158  10:02  Marauder x2, Terran Infantry Armor Level 2  
  158  10:03  Marauder, Marine x2  
  158  10:05  Supply Depot  
  166  10:08  Medivac x2  
  170  10:17  Sensor Tower  
  170  10:23  Marauder  
  172  10:35  Barracks  
  172  10:36  Barracks  
  172  10:38  Barracks, Medivac  
  172  10:39  Medivac  
  172  10:40  Marine x4  
  172  10:41  Marine  
  172  10:42  Marine  
  178  11:08  Medivac  
  179  11:19  Viking  
  179  11:24  Refinery  
  181  11:26  Refinery  
  181  11:29  Factory  
  181  11:33  Factory  
  181  11:36  Barracks Tech Lab  
  181  11:37  Barracks Tech Lab, Barracks Reactor  
  181  11:38  Viking  
  183  11:49  Viking  
  185  11:55  Marauder x2, Marine x4  
  185  11:56  Marauder x3, Marine  
  185  11:59  Terran Infantry Weapons Level 3  
  200  12:01  Terran Vehicle Weapons Level 2  
  200  12:18  Terran Infantry Armor Level 3  
  118  14:05  Marine  
  118  14:06  Marauder x3, Marine x5  
  118  14:07  Marauder x2, Marine x2  
  133  14:23  Marine  
  133  14:24  Marine x6  
  135  14:25  Marine  
  135  14:27  Marauder  
  135  14:28  Marauder x4  
  149  14:41  Marine x2  
  149  14:42  Marine x6  
  144  14:49  Marauder x4  
  144  14:50  Marauder  
  153  14:59  Marine x4  
  155  15:00  Marine x4  
  161  15:10  Marauder x2  
  161  15:11  Marauder x3  
  171  15:17  Marine x5  
  171  15:18  Marine x3  
  171  15:20  Command Center  
  179  15:23  Factory Tech Lab  
  179  15:29  Factory Tech Lab  
  179  15:32  Marauder x5  
  179  15:35  Marine x4  
  193  15:53  Marauder x3  
  191  17:26  Marauder, Marine x4  
  191  17:27  Marauder x4, Marine x4  
Show
View Real Time Build Order
Export as new Build Order

capac Terran 

Build Orders: Reaper Expand, MMM Bio 

Get SALT Encoding   

  12  0:03  SCV  
  13  0:15  SCV  
  13  0:20  Supply Depot  
  14  0:27  SCV  
  15  0:41  SCV  
  16  0:43  Barracks  
  16  0:46  Refinery  
  16  0:57  SCV  
  17  1:09  SCV  
  18  1:21  SCV  
  19  1:37  Reaper  
  20  1:40  Supply Depot  
  20  1:43  Command Center  
  20  1:53  Orbital Command  
  20  2:09  Factory  
  20  2:11  Marine  
  21  2:21  SCV  
  21  2:31  Barracks  
  21  2:33  SCV  
  21  2:46  SCV  
  22  2:55  Barracks Reactor  
  22  2:58  SCV  
  22  2:59  Factory Tech Lab  
  22  3:02  Refinery  
  22  3:03  Orbital Command  
  23  3:16  SCV  
  23  3:19  Marine  
  25  3:25  Starport  
  25  3:28  SCV x2  
  27  3:37  Marine  
  27  3:39  Marine x2  
  27  3:40  SCV x2  
  32  3:43  Refinery  
  32  3:52  SCV  
  32  3:54  Siege Tank  
  32  3:55  Barracks, SCV  
  37  4:00  Marine x2  
  39  4:05  Starport Reactor  
  39  4:09  SCV x2  
  41  4:16  Supply Depot  
  42  4:20  Barracks Tech Lab  
  42  4:23  SCV x2  
  43  4:34  Marine x2  
  43  4:35  SCV  
  43  4:37  SCV  
  47  4:40  Supply Depot  
  47  4:42  Medivac x2  
  47  4:45  Stimpack  
  51  4:49  Marine x2  
  51  4:51  SCV  
  54  5:00  SCV  
  54  5:02  Supply Depot  
  54  5:03  SCV  
  56  5:13  Barracks  
  56  5:24  Marine, Siege Tank  
  56  5:25  Marine x2  
  56  5:26  Marine  
  56  5:27  SCV x2  
  65  5:31  Supply Depot  
  65  5:32  Viking  
  65  5:33  Viking  
  69  5:43  SCV x2  
  67  6:19  Barracks Tech Lab  
  67  6:20  Barracks Tech Lab  
  67  6:24  Marine  
  67  6:25  Marine x2  
  70  6:26  SCV x2  
  72  6:37  Supply Depot, Factory  
  72  6:38  SCV x2  
  74  6:40  Combat Shields  
  74  6:42  Marauder, Marine  
  74  6:43  Command Center  
  77  6:55  Viking x2  
  81  7:09  Marine x2  
  81  7:10  Marine  
  81  7:12  Barracks Reactor  
  81  7:15  SCV x2  
  86  7:18  Supply Depot  
  86  7:19  Refinery  
  86  7:33  Viking  
  86  7:34  Viking  
  90  7:41  SCV x2  
  90  7:42  Marauder x2  
  90  7:43  Marine x2  
  98  7:48  Siege Tank  
  101  7:51  Supply Depot  
  101  7:53  SCV  
  101  7:54  SCV  
  103  8:01  Engineering Bay  
  103  8:04  Engineering Bay  
  103  8:05  SCV  
  104  8:10  Starport  
  104  8:28  Supply Depot  
  104  8:29  Marine x4, SCV x2  
  104  8:31  Marauder x2  
  114  8:39  Orbital Command  
  114  8:44  SCV x2  
  116  8:54  Supply Depot, Starport Reactor  
  116  8:55  Siege Tank  
  116  8:56  SCV x2  
  116  8:57  Siege Tank  
  124  9:03  Terran Infantry Weapons Level 1  
  124  9:05  Barracks  
  124  9:07  Terran Infantry Armor Level 1  
  124  9:10  Armory  
  124  9:17  Marine x4  
  124  9:18  Marine  
  124  9:19  Marauder  
  131  9:27  Supply Depot  
  131  9:28  Missile Turret, Command Center  
  131  9:29  Siege Tank, Missile Turret  
  131  9:30  Siege Tank  
  137  9:36  Marauder, Medivac  
  141  9:48  SCV x2, Medivac x3  
  149  10:06  Sensor Tower  
  149  10:16  Refinery x2  
  149  10:39  Marine x4, SCV x2, Missile Turret, Medivac  
  149  10:40  Marauder x2  
  161  10:46  Barracks  
  161  10:49  Terran Vehicle Weapons Level 1  
  161  10:51  SCV  
  135  11:23  Armory  
  135  11:24  Terran Infantry Weapons Level 2, Terran Infantry Armor Level 2  
  135  11:25  Marine  
  135  11:26  Marine x5  
  141  11:37  Command Center  
  141  11:40  Siege Tank  
  141  11:41  Siege Tank  
  147  11:51  Marine  
  147  11:52  Marine  
  147  11:53  Barracks Reactor  
  149  12:00  Marauder x2, Marine x2  
  149  12:01  Supply Depot x2  
  155  12:04  Orbital Command  
  155  12:15  Siege Tank x2  
  161  12:41  Viking x3  
  161  12:42  Viking, Sensor Tower  
  169  13:23  Marine x5  
  169  13:24  Marauder x2, Marine  
  165  13:46  Marauder  
  157  13:54  Siege Tank x2  
  97  14:47  Marine  
  97  14:48  Marine x7  
  97  14:51  Siege Tank  
  97  14:52  Siege Tank  
  102  14:54  Medivac x2  
  102  14:55  Viking x2  
  110  15:05  Marine  
  110  15:06  Marine x7  
  118  15:23  Marine x3  
  121  15:28  Command Center  
  121  15:30  Marine x5  
  121  15:34  Medivac x2  
  121  15:35  Medivac x2  
  134  15:41  Marine  
  135  15:45  Supply Depot  
Tags
 
Composition
MMM BioMMM Bio
League
GoldGold
Matchup
TvT
Race
Terran
Add a new tag
Caveats
  • Supply blocks, unpowered buildings, or Contaminate may cause inaccurate times.
  • Supply counts are checked every 10 seconds.